 Dungeon Crawl Stone Soup version 0.21.1-1-g345015f (webtiles) character file.

8042 vatarom the Martial Artist (level 11, -2/136 HPs)
             Began as a Pale Draconian Transmuter on Mar 27, 2018.
             Was a Priest of Yredelemnul.
             Killed from afar by Fannar (20 damage)
             ... with a bolt of cold
             ... on level 10 of the Dungeon.
             The game lasted 00:29:46 (10165 turns).

vatarom the Martial Artist (DrTm)                  Turns: 10165, Time: 00:29:48

Health: -2/136     AC: 25    Str: 11    XL:     11   Next: 4%
Magic:  18/18      EV:  2    Int: 13    God:    Yredelemnul [***...]
Gold:   621        SH:  0    Dex: 14    Spells: 9/19 levels left

rFire    + . .     SeeInvis .     - Unarmed
rCold    . . .     Gourm    .   (no shield)
rNeg     + + +     Faith    .   (armour unavailable)
rPois    +         Spirit   .   (helmet currently unavailable)
rElec    .         Reflect  .   (cloak currently unavailable)
rCorr    .         Harm     .   (gloves currently unavailable)
MR       .....     NoTele   +   (boots currently unavailable)
Stlth    +.........             (no amulet)
HPRegen  0.32/turn              j - ring of protection from fire
MPRegen  0.16/turn              A - -3 ring of strength (curse)

@: tree-form (expiring)
A: (breathe steam), unfitting armour, AC +7
a: Recall Undead Slaves, Injury Mirror, Animate Dead, Renounce Religion


You were on level 10 of the Dungeon.
You worshipped Yredelemnul.
Yredelemnul was most pleased with you.
You were hungry.
You were a tree.
You visited 2 branches of the dungeon, and saw 11 of its levels.

You collected 621 gold pieces.

Inventory:

Hand Weapons
 o - the +3 sling "Punk" {acid, rCorr}
   (You found it on level 5 of the Dungeon)

   It protects you from acid and corrosion.
Missiles
 a - 120 arrows
 q - 24 sling bullets
 w - 88 stones (quivered)
Armour
 n - a +2 pair of gloves (melded)
 H - a +0 cloak (melded)
Jewellery
 h - an uncursed ring of ice {unknown}
 j - a ring of protection from fire (left branch)
 A - a cursed -3 ring of strength (right branch)
 B - a cursed ring of protection from magic {unknown}
Wands
 x - a wand of random effects (34)
 y - a wand of clouds (5)
 C - a wand of polymorph (16)
 E - a wand of scattershot (4)
Scrolls
 d - 3 scrolls of fog
 g - 3 scrolls of enchant weapon
 l - 5 scrolls of remove curse
 m - 4 scrolls of fear
 p - 2 scrolls of noise
 u - a scroll of amnesia {unknown}
 v - 2 scrolls of blinking
 F - 2 scrolls of identify
 G - a scroll of teleportation
 I - a scroll of magic mapping {unknown}
Potions
 e - 2 potions of cancellation
 f - 3 potions of might
 i - a potion of lignification
 k - 2 potions of magic
 s - 5 potions of flight
 t - a potion of agility
 D - a potion of haste {unknown}
Books
 b - a book of Changes

   Spells                             Type                      Level
   a - Beastly Appendage              Transmutation                1
   b - Sticks to Snakes               Transmutation                2
   c - Spider Form                    Transmutation/Poison         3
   d - Ice Form                       Ice/Transmutation            4
   e - Blade Hands                    Transmutation                5
 r - a book of Flames

   Spells                             Type                      Level
   a - Flame Tongue                   Conjuration/Fire             1
   b - Throw Flame                    Conjuration/Fire             2
   c - Conjure Flame                  Conjuration/Fire             3
   d - Inner Flame                    Hexes/Fire                   3
   e - Sticky Flame                   Conjuration/Fire             4
   f - Fireball                       Conjuration/Fire             5
Comestibles
 c - 8 rations


   Skills:
 + Level 6.5 Fighting
 - Level 4.2 Slings
 + Level 6.0 Dodging
 * Level 9.1 Unarmed Combat
 + Level 4.9 Spellcasting
 * Level 8.5 Transmutations
 - Level 2.8 Ice Magic
 + Level 4.6 Invocations


You had 9 spell levels left.
You knew the following spells:

 Your Spells              Type           Power        Failure   Level  Hunger
a - Beastly Appendage     Tmut           ####..       1%          1    None
b - Sticks to Snakes      Tmut           ####....     1%          2    ##.....
c - Spider Form           Tmut/Pois      ##........   10%         3    ###....
d - Ice Form              Ice/Tmut       ###.....     19%         4    ####...


Dungeon Overview and Level Annotations

Branches:
Dungeon (10/15)            Temple (1/1) D:5            Lair (0/6) D:8
    Orc: D:9-12

Altars:
Ashenzari
Cheibriados
Dithmenos
Elyvilon
Fedhas
Gozag
Hepliaklqana
Kikubaaqudgha
Makhleb
Nemelex Xobeh
Okawaru
Qazlal
Ru
Sif Muna
Trog
Uskayaw
Vehumet
Wu Jian
Xom
Yredelemnul
Zin
The Shining One

Annotations:
D:8 Erica
D:10 Fannar


Innate Abilities, Weirdness & Mutations

((You can breathe blasts of scalding, opaque steam.))
((Your pale cyan-grey scales are hard. (AC +7)))
You cannot fit into any form of body armour.
((You are cold-blooded and may be slowed by cold attacks.))


Message History

The centaur warrior zombie hits you but does no damage.
The orc wizard gestures wildly while chanting.
The orc wizard blinks!
You smack the ice beast!
The ice beast is almost dead.
The ice beast hits you.
* * * LOW HITPOINT WARNING * * *
The ice beast freezes you!
* * * LOW HITPOINT WARNING * * *
The ice beast hits you but does no damage.
The centaur warrior zombie hits you but does no damage.
Fannar gestures at you while chanting.
The bolt of cold hits the ice beast.
The ice beast completely resists.
The bolt of cold hits the centaur warrior zombie.
The centaur warrior zombie resists.
The centaur warrior zombie is destroyed!
Your Dodging skill increases to level 6!
Helpless, you fail to dodge the bolt of cold.
You die...
Your body rises from the dead as a mindless zombie.

##. #.. #.# #.# #.# #.#
###### ####.## #YY..#
#...... #♣##.# #.##.##
#)##.# #.##.# #Y##.#
##.##.#
..e.o((e##.######...#.#
.##..#..##....)...#.>.#
#. #..#########...### #
#..# ##.## #..# .# ....
.#


You could see Fannar and 3 ice beasts.

Vanquished Creatures
  The ghost of StCgurps the Geomancer, a journeyman GrEE of Vehumet (D:10)
  Pikel (D:5)
  The ghost of Phong the Chiller, a novice OpIE of Sif Muna (D:6)
  Maurice (D:8)
  A centaur zombie (D:10)
  Psyche (D:9)
  2 gargoyles (D:10)
  A troll (D:9)
  Prince Ribbit (D:5)
  3 hippogriffs
  2 basilisks (D:8)
  A hungry ghost (D:7)
  Edmund (D:6)
  The ghost of Mirai the Magician, an amateur DECj (D:4)
  A sky beast (D:5)
  4 orc warriors
  A phantom (D:5)
  A black bear (D:6)
  An ogre (D:7)
  A centaur (D:6)
  3 big kobolds
  3 bullfrogs
  Blork the orc (D:5)
  A wyvern zombie (D:7)
  5 scorpions
  3 killer bees (D:5)
  2 crimson imps
  3 howler monkeys
  2 hounds
  A bullfrog zombie (D:5)
  2 jellies
  2 orc priests
  A centaur skeleton (D:6)
  5 orc wizards
  5 iguanas
  4 worker ants
  A hound zombie (D:7)
  4 gnolls (D:8)
  10 adders
  A river rat (D:4)
  4 shadow imps
  An adder skeleton (D:5)
  3 worms
  4 leopard geckos
  33 orcs
  3 ball pythons
  9 giant cockroaches
  6 goblins
  10 hobgoblins
  6 jackals
  3 quokkas
  9 bats
  5 frilled lizards
  A jackal zombie (D:5)
  18 kobolds
  14 rats
215 creatures vanquished.

Vanquished Creatures (collateral kills)
  An elephant (D:8)
  A phantom (D:9)
  A bullfrog (D:7)
  Jessica (D:2)
  A bat (D:2)
5 creatures vanquished.

Vanquished Creatures (others)
  A centaur zombie (D:10)
  3 slaves (D:5)
  A centaur (D:5)
  An orc wizard (D:5)
  3 orcs (D:5)
  5 orc zombies
14 creatures vanquished.

Grand Total: 234 creatures vanquished

Notes
Turn   | Place    | Note
-------+----------+-------------------------------------------
     0 | D:1      | vatarom the Draconian Transmuter began the quest for the Orb.
     0 | D:1      | Reached XP level 1. HP: 16/16 MP: 3/3
   168 | D:1      | Reached XP level 2. HP: 22/23 MP: 3/5
   476 | D:1      | Learned a level 2 spell: Sticks to Snakes
   639 | D:1      | Reached XP level 3. HP: 28/28 MP: 6/6
   895 | D:2      | Found a shattered altar of Ashenzari.
   902 | D:2      | Noticed Jessica
   923 | D:2      | Killed Jessica
  1029 | D:2      | Found a bloodstained altar of Trog.
  1285 | D:2      | Learned a level 3 spell: Spider Form
  1464 | D:2      | Found a sacrificial altar of Ru.
  1464 | D:2      | Found a shadowy altar of Dithmenos.
  1466 | D:2      | Found a deep blue altar of Sif Muna.
  1474 | D:2      | Found a burning altar of Makhleb.
  1663 | D:3      | Reached XP level 4. HP: 31/36 MP: 2/7
  1799 | D:3      | Found an ornate altar of the Wu Jian Council.
  1850 | D:3      | Reached skill level 4 in Unarmed Combat
  2009 | D:3      | Reached XP level 5. HP: 41/41 MP: 8/8
  2060 | D:3      | Found a blossoming altar of Fedhas.
  2164 | D:3      | Found a faded altar of an unknown god.
  2269 | D:4      | Noticed Mirai's ghost (amateur DECj)
  2655 | D:4      | Killed Mirai's ghost
  2655 | D:4      | Reached XP level 6. HP: 50/50 MP: 9/9
  2784 | D:4      | Reached skill level 5 in Unarmed Combat
  2815 | D:4      | Found a snail-covered altar of Cheibriados.
  2888 | D:4      | Found a basalt altar of Yredelemnul.
  2889 | D:4      | Noticed a hippogriff
  2912 | D:4      | Killed a hippogriff
  2912 | D:4      | Your scales start taking on a pale cyan-grey colour.
  2912 | D:4      | Reached XP level 7. HP: 18/57 MP: 8/10
  3077 | D:4      | Became a worshipper of Yredelemnul the Dark
  3247 | D:4      | Learned a level 4 spell: Ice Form
  3582 | D:5      | Entered Level 5 of the Dungeon
  3669 | D:5      | Noticed Pikel
  3676 | D:5      | Killed Pikel
  3676 | D:5      | Reached skill level 6 in Unarmed Combat
  3676 | D:5      | Reached skill level 5 in Transmutations
  3676 | D:5      | Reached XP level 8. HP: 40/66 MP: 7/12
  3812 | D:5      | Found the +3 sling "Punk" {acid, rCorr}
  3963 | D:5      | Noticed Prince Ribbit
  3968 | D:5      | Killed Prince Ribbit
  3972 | D:5      | Found a staircase to the Ecumenical Temple.
  3989 | Temple   | Entered the Ecumenical Temple
  4071 | D:5      | Reached * piety under Yredelemnul
  4404 | D:5      | Found an iron altar of Okawaru.
  4439 | D:5      | Noticed Blork the orc
  4443 | D:5      | Killed Blork the orc
  4443 | D:5      | Reached skill level 1 in Invocations
  5442 | D:6      | Found a blossoming altar of Fedhas.
  5478 | D:6      | Reached skill level 1 in Slings
  5478 | D:6      | Reached XP level 9. HP: 73/73 MP: 13/13
  5719 | D:6      | Reached skill level 7 in Unarmed Combat
  5940 | D:6      | Noticed Phong's ghost (novice OpIE)
  5943 | D:6      | Noticed Edmund
  5954 | D:6      | Killed Phong's ghost
  5954 | D:6      | Reached skill level 5 in Fighting
  5964 | D:6      | Killed Edmund
  6587 | D:7      | Reached ** piety under Yredelemnul
  6729 | D:7      | Reached skill level 5 in Dodging
  7606 | D:8      | Noticed an elephant
  7876 | D:8      | Reached XP level 10. HP: 39/82 MP: 13/16
  8089 | D:8      | Noticed Maurice
  8111 | D:8      | Killed Maurice
  8111 | D:8      | Reached skill level 8 in Unarmed Combat
  8204 | D:8      | Found a staircase to the Lair.
  8227 | D:8      | Killed an elephant
  8402 | D:8      | Noticed Erica
  8818 | D:9      | Noticed Psyche
  8834 | D:9      | Killed Psyche
  9409 | D:9      | Found a shadowy altar of Dithmenos.
  9672 | D:10     | Entered Level 10 of the Dungeon
  9710 | D:10     | Noticed a gargoyle
  9713 | D:10     | Killed a gargoyle
  9777 | D:10     | Noticed StCgurps's ghost (journeyman GrEE)
  9789 | D:10     | Killed StCgurps's ghost
  9930 | D:10     | Noticed a gargoyle
  9939 | D:10     | Killed a gargoyle
  9939 | D:10     | Reached skill level 9 in Unarmed Combat
 10122 | D:10     | Noticed Fannar
 10130 | D:10     | Reached *** piety under Yredelemnul
 10133 | D:10     | Reached XP level 11. HP: 55/91 MP: 18/18
 10165 | D:10     | Killed from afar by Fannar

Skill      XL: |  1  2  3  4  5  6  7  8  9 10 11 |
---------------+----------------------------------+-----
Dodging        | 2 3 4 5 6 |  6.0
Fighting       | 2 3 4 5 6 |  6.5
Unarmed Combat | 4 5 6 7 9 |  9.1
Transmutations | 3 4 5 6 7 8 |  8.5
Ice Magic      | 2 |  2.8
Spellcasting   | 3 4 |  4.9
Invocations    | 1 3 4 |  4.6
Slings         | 1 3 4 |  4.2

Action                   |  1- 3 |  4- 6 |  7- 9 | 10-12 || total
-------------------------+-------+-------+-------+-------++-------
Melee: Unarmed           |   131 |   144 |   199 |    51 ||   525
       Tailslap          |     8 |     8 |    22 |       ||    38
       Headbutt          |     7 |     4 |       |       ||    11
       Kick              |     7 |       |    13 |       ||    20
       Punch             |     1 |     1 |     5 |     2 ||     9
       Fustibalus        |       |       |       |     2 ||     2
 Fire: Fustibalus        |       |       |   139 |   134 ||   273
Throw: Stone             |       |       |     1 |       ||     1
 Cast: Beastly Appendage |    26 |    11 |     7 |       ||    44
       Sticks to Snakes  |     6 |     4 |       |       ||    10
       Spider Form       |     1 |     5 |     3 |     2 ||    11
       Ice Form          |       |       |     2 |     5 ||     7
Invok: Animate Remains   |       |       |     4 |     5 ||     9
 Abil: Breathe Steam     |       |       |    12 |     3 ||    15
  Use: Scroll            |     4 |       |     5 |     9 ||    18
       Potion            |       |     2 |       |     2 ||     4
 Stab: Sleeping          |     1 |       |       |       ||     1
  Eat: Chunk             |     2 |     1 |     6 |       ||     9
       Ration            |     1 |     2 |     3 |     3 ||     9
Armor: Skin              |    54 |    35 |    89 |    74 ||   252
Dodge: Dodged            |    99 |   102 |   204 |    36 ||   441
